 Dungeon Crawl Stone Soup version bcrawl-1.39.1 (webtiles) character file.

Game seed: 5248380501358120854

19558322 Galewind the Sorcerer (level 27, 167/175 (176) HPs)
             Began as an Avariel Fire Elementalist on July 10, 2023.
             Was the Champion of Vehumet.
             Escaped with the Orb
             ... and 6 runes!
             The game lasted 02:09:34 (70294 turns).

Galewind the Sorcerer (Avariel Fire Elementalist)  Turns: 70294, Time: 02:09:34

HP:   167/175 (176) AC: 22    Str: 10    XL:     27
MP:   35/51         EV: 43    Int: 38    God:    Vehumet [******]
Gold: 5985          SH: 17    Dex: 29    Spells: 5/70 levels left

rFire    + + .     GDR:     37% O - staff of fire
rCold    + + +     Archmagi +   V - +8 buckler of Happiness {rElec rF+ Regen+}
rNeg     + + +     SeeInvis +   X - +2 robe {Archmagi}
rPois    ∞         Gourm    .   K - +4 hat of Zipidaow {rElec Dex+2}
rElec    +         Faith    .   h - +2 cloak {rPois}
rCorr    .         Spirit   .   d - +1 pair of gloves of Rudameiwk {MR+ Dex+6}
MR       +++++     Reflect  .   o - +2 pair of boots {run}
Stlth    +.........             z - amulet "Durueq" {Regen rC+}
HPRegen  1.84/turn              c - ring "Loxoot" {rC+ Str+4 Dex+3}
MPRegen  0.32/turn              R - ring "Xulim" {Int+3 Dex+5 SInv}

@: lich-form (expiring), flying quickly and evasively, quick
A: beak, magic resistance 1, able to fly
0: Orb of Zot
}: 6/15 runes: serpentine, barnacled, slimy, silver, abyssal, dark
a: Stop Flying, End Transformation, Renounce Religion


You escaped.
You worshipped Vehumet.
Vehumet was exalted by your worship.
You were not hungry.
You were a lich.
You visited 11 branches of the dungeon, and saw 47 of its levels.
You visited Pandemonium 1 time, and saw 6 of its levels.
You visited the Abyss 1 time.
You visited 1 ziggurat, and saw 7 of its levels.
You also visited: Trove.

You collected 11408 gold pieces.
You spent 5423 gold pieces at shops.

Inventory:

Armour
 d - the +1 pair of gloves of Rudameiwk (worn) {MR+ Dex+6}
   (You found it on level 5 of the Pits of Slime)

   It affects your dexterity (+6).
   It affects your resistance to hostile enchantments.
 h - a +2 cloak of poison resistance (worn)
 o - a +2 pair of boots of running (worn)
 K - the +4 hat of Zipidaow (worn) {rElec Dex+2}
   (You found it on level 2 of the Depths)

   It affects your dexterity (+2).
   It insulates you from electricity.
 V - the +8 buckler of Happiness (worn) {rElec rF+ Regen+}
   (You found it on level 12 of the Dungeon)

   It protects you from fire.
   It insulates you from electricity.
   It increases your rate of regeneration.
 X - a +2 robe of the Archmagi (worn)
Magical Staves
 O - an uncursed staff of fire (weapon)
Jewellery
 c - the ring "Loxoot" (left hand) {rC+ Str+4 Dex+3}
   (You found it in a treasure trove)

   [ring of strength]

   It affects your strength (+4).
   It affects your dexterity (+3).
   It protects you from cold.
 k - an uncursed ring of positive energy
 z - the amulet "Durueq" (around neck) {Regen rC+}
   (You bought it in a shop on level 7 of the Dungeon)

   [amulet of regeneration]

   It protects you from cold.
 R - the ring "Xulim" (right hand) {Int+3 Dex+5 SInv}
   (You acquired it on level 2 of the Lair of Beasts)

   [ring of dexterity]

   It affects your intelligence (+3).
   It affects your dexterity (+5).
   It lets you see invisible.
Wands
 P - a wand of digging (25)
 W - a wand of acid (11)
Scrolls
 b - 16 scrolls of teleportation
 f - 24 scrolls of remove curse
 g - 11 scrolls of enchant weapon
 i - 2 scrolls of identify
 j - 8 scrolls of enchant armour
 l - 8 scrolls of immolation
 m - 7 scrolls of noise
 r - 4 scrolls of fog
 w - 6 scrolls of revelation
 x - 5 scrolls of torment
 y - 5 scrolls of blinking
 C - 4 scrolls of silence
 I - 5 scrolls of vulnerability
 L - 7 scrolls of amnesia
 N - 2 scrolls of brand weapon
 Y - 3 scrolls of fear
Potions
 a - 13 potions of haste
 n - 2 potions of might
 p - 2 potions of magic
 q - 11 potions of brilliance
 s - 5 potions of agility
 t - 2 potions of invisibility
 A - 11 potions of curing
 B - 7 potions of flight
 E - 14 potions of heal wounds
 F - 7 potions of mutation
 G - 7 potions of lignification
 H - 3 potions of berserk rage
 J - a potion of cancellation
Miscellaneous
 v - a sack of spiders
 M - a phial of floods
 Q - 3 phantom mirrors
 T - a lamp of fire
 Z - a lightning rod (4/4)
Comestibles
 e - 79 rations {!d}


   Skills:
 - Level 19.0 Fighting
 - Level 14.4 Long Blades
   Level 2.5 Axes
 - Level 3.5 Staves
 - Level 20.0 Dodging
 - Level 2.1 Stealth
 - Level 7.0 Shields
 - Level 22.0 Spellcasting
 - Level 22.0 Conjurations
 - Level 8.0 Charms
 - Level 16.0 Necromancy
 - Level 14.0 Translocations
 - Level 16.0 Transmutations
 - Level 21.4 Fire Magic
 + Level 17.9 Ice Magic
 - Level 8.0 Air Magic


You had 5 spell levels left.
You knew the following spells:

 Your Spells              Type           Power        Failure   Level  Hunger
a - Flame Tongue          Conj/Fire      #####        0%          1    N/A
b - Ignition              Fire           #########.   1%          8    N/A
c - Fireball              Conj/Fire      #########.   0%          5    N/A
d - Iskenderun's Mystic   Conj           ########     0%          3    N/A
e - Fire Storm            Conj/Fire      #########.   4%          9    N/A
f - Iskenderun's Battles  Conj/Chrm      ########     1%          5    N/A
g - Icicle Burst          Conj/Ice       ########..   1%          7    N/A
h - Deflect Missiles      Chrm/Air       ########..   6%          6    N/A
i - Necromutation         Tmut/Necr      ########     10%         8    N/A
j - Controlled Blink      Tloc           ########     2%          7    N/A
k - Bolt of Fire          Conj/Fire      #########.   0%          6    N/A

Your spell library contained the following spells:

 Spells                   Type           Power        Failure   Level  Hunger
 Chain Lightning          Conj/Air       ########..   4%          8    N/A
 Apportation              Tloc           ######       0%          1    N/A
 Freeze                   Ice            ######       0%          1    N/A
 Magic Dart               Conj           ####         0%          1    N/A
 Blink                    Tloc           N/A          0%          2    N/A
 Corpse Rot               Necr           N/A          0%          2    N/A
 Flaming Arrows           Chrm/Fire      ########     0%          2    N/A
 Shock                    Conj/Air       #######      0%          2    N/A
 Sublimation of Blood     Necr           #########.   0%          2    N/A
 Throw Frost              Conj/Ice       ######       0%          2    N/A
 Beckoning                Tloc           ########..   0%          3    N/A
 Conjure Flame            Conj/Fire      ########     0%          3    N/A
 Ignite Poison            Fire/Tmut/Pois ########     0%          3    N/A
 Ozocubu's Armour         Chrm/Ice       ########     0%          3    N/A
 Portal Projectile        Tloc           ######       0%          3    N/A
 Agony                    Necr           ########     0%          4    N/A
 Animate Dead             Necr           N/A          0%          4    N/A
 Ice Form                 Ice/Tmut       ########     0%          4    N/A
 Lightning Bolt           Conj/Air       ########     0%          4    N/A
 Sticky Flame             Conj/Fire      ########     0%          4    N/A
 Throw Icicle             Conj/Ice       ########     0%          4    N/A
 Bolt of Draining         Conj/Necr      #########.   0%          5    N/A
 Corona                   Hex            ######.      1%          1    N/A
 Infusion                 Chrm           ########     1%          1    N/A
 Sandblast                Erth           ######       1%          1    N/A
 Slow                     Hex            ######..     1%          1    N/A
 Static Discharge         Air            ######       1%          1    N/A
 Summon Butterflies       Summ           ######..     1%          1    N/A
 Summon Small Mammal      Summ           ####         1%          1    N/A
 Call Imp                 Summ           ######       1%          2    N/A
 Ensorcelled Hibernation  Hex/Ice        ######       1%          2    N/A
 Passwall                 Tmut/Erth      ########     1%          2    N/A
 Poisonous Vapours        Pois/Air       ######       1%          2    N/A
 Shackle                  Hex            ######..     1%          2    N/A
 Swiftness                Chrm/Air       ########     1%          2    N/A
 Dazzling Orbs            Conj/Hex       #######      1%          3    N/A
 Inner Flame              Hex/Fire       N/A          1%          3    N/A
 Mephitic Cloud           Conj/Pois/Air  ########     1%          3    N/A
 Recall                   Summ/Tloc      N/A          1%          3    N/A
 Regeneration             Chrm/Necr      ########..   1%          3    N/A
 Spider Form              Tmut/Pois      ###          1%          3    N/A
 Stone Arrow              Conj/Erth      ######       1%          3    N/A
 Force Lance              Tloc           ########     1%          4    N/A
 Fulminant Prism          Conj/Hex       ########..   1%          4    N/A
 Petrify                  Tmut/Erth      ########..   1%          4    N/A
 Summon Ice Beast         Ice/Summ       ########     1%          4    N/A
 Tree Form                Hex/Tmut       N/A          1%          4    N/A
 Yara's Violent Unravell  Hex/Tmut       ########..   1%          4    N/A
 Bolt of Magma            Conj/Fire/Erth ########..   1%          5    N/A
 Dispel Undead            Necr           ########     1%          5    N/A
 Freezing Cloud           Ice/Air        ########     1%          5    N/A
 Metabolic Englaciation   Hex/Ice        ########..   1%          5    N/A
 Piercing Shot            Chrm           ########..   1%          5    N/A
 Steam Barrier            Chrm/Fire      ########..   1%          5    N/A
 Summon Forest            Summ/Tloc      #######...   1%          5    N/A
 Call Canine Familiar     Summ           ######..     3%          3    N/A
 Confuse                  Hex            ######..     3%          3    N/A
 False Image              Hex/Summ       ######..     3%          3    N/A
 Tukima's Dance           Hex            ######..     3%          3    N/A
 Silence                  Hex/Air        #######...   5%          5    N/A
 Summon Lightning Spire   Summ/Air       #######.     5%          5    N/A
 Lee's Rapid Deconstruct  Erth           ######....   8%          5    N/A
 Cause Fear               Hex            ######....   10%         4    N/A
 Summon Demon             Summ           ######....   28%         5    N/A
 Summon Mana Viper        Hex/Summ       ######..     28%         5    N/A
 Conjure Ball Lightning   Conj/Air       ########..   1%          6    N/A
 Death Channel            Chrm/Necr      ########..   1%          6    N/A
 Dispersal                Tloc           ########..   1%          6    N/A
 Poison Arrow             Conj/Pois      ########..   1%          6    N/A
 Simulacrum               Ice/Necr       ########     1%          6    N/A
 Dragon Form              Tmut           #######      1%          7    N/A
 Orb of Destruction       Conj           ########..   1%          7    N/A
 Mana Rupture             Conj/Hex       ########..   2%          7    N/A
 Borgnjor's Vile Clutch   Necr/Erth      ########..   6%          6    N/A
 Statue Form              Tmut/Erth      ########.    6%          6    N/A
 Spellforged Servitor     Conj/Summ      ########..   10%         7    N/A
 Infestation              Hex/Tmut/Pois  #######..    19%         6    N/A
 Time Stop                Chrm/Tloc      N/A          58%         8    N/A
 Aura of Abjuration       Summ           ######....   83%         6    N/A
 Darkness                 Hex            ######....   83%         6    N/A
 Invisibility             Hex            ######..     83%         6    N/A
 Summon Hydra             Summ           ######....   83%         6    N/A
 Discord                  Hex            ######....   100%        7    N/A
 Monstrous Menagerie      Summ           ######....   100%        7    N/A
 Shadow Creatures         Summ           N/A          100%        7    N/A
 Passage of Golubria      Tloc           Unusable     N/A         5    N/A

Dungeon Overview and Level Annotations

Branches:
Dungeon (12/12)            Temple (1/1) D:6            Lair (6/6) D:8
 Shoals (3/3) Lair:2        Snake (3/3) Lair:2        Slime (5/5) Orc
    Orc (1/1) D:9          Vaults (3/3) D:12         Forest (3/3) Lair:6
  Crypt (0/2) Vaults:2     Depths (5/5) D:12            Zot (5/5) Depths:5

Altars:
Ashenzari
Cheibriados
Dithmenos
Gozag
Hepliaklqana
Kikubaaqudgha
Lugonu
Makhleb
Nemelex Xobeh
Okawaru
Qazlal
Ru
Sif Muna
Trog
Uskayaw
Vehumet
Wu Jian
Xom
Yredelemnul
Jiyva

Shops:
D:5 }   D:6 (   D:7 =   Orc [(?%?   Shoals:2 (   Vaults:1 !   Depths:1 *(
Depths:2 ?!((!(:*   Depths:3 }=}

Portals:
Hell: Depths:1 Depths:2 Depths:3 Depths:4 Depths:5
Abyss: Depths:4
Pandemonium: Depths:3

Annotations:
Zot:1 2 transporters, Juzit's ghost, legendary GnFi


Innate Abilities, Weirdness & Mutations

You can fly continuously.
You have a beak for a mouth.
You are resistant to hostile enchantments. (MR+)


Message History

Vehumet accepts your kill.
You feel your power returning.
The soul eater is almost dead.
Unknown command.
Casting: Icicle Burst (safe; 1% risk of failure)
Confirm with . or Enter, or press ? or * to list all spells.
Aiming: Icicle Burst (safe; 1% risk of failure)
Press: ? - help, Shift-Dir - straight line, f - soul eater
Aim: a soul eater (almost dead)
You feel a surge of power!
The burst of ice shards hits the soul eater.
The burst of ice shards hits the soul eater!
You kill the soul eater!
Vehumet accepts your kill.
You feel your power returning.
Unknown command.
There is a staircase leading out of the dungeon here.
HP restored.
The power of the Orb breaks the dimensional shunt like a soap bubble!
You have escaped!

# #.# #........#
#..# # #.#
########.# #..# #
#.# #.######... #
#.#
###########...#.##
# #.#
#8≈≈≈≈≈≈≈8#...#.##
# #.#
#.........#.#.....
# #.#
#.........#.#..###
####.#######
#....8....'.#..#
......(....#
#L...8....'.#..#
####.#####.#
#.§.......#.#..#
#.# #.#
#§§.......#.#..#
#.### #.#
#8≈≈≈≈≈≈≈8#...##
##...###.#
########.##...#
##†###.##.#
#####..##### ##.##
##.#.# #.....#.##
#### #.## ##..#
#.######)###... #.#
#..#
#####.#######.##.#.


There were no monsters in sight!

Vanquished Creatures
  the Royal Jelly (Slime:5)
  Dissolution (Slime:2)
  Gloorx Vloq (Pan)
  2 juggernauts
  6 orbs of fire
  9 ancient liches
  Mara (Depths:1)
  3 Killer Klowns (Zot:5)
  9 golden dragons
  3 pandemonium lords
  Bai Suzhen (Depths:1)
  5 caustic shrikes (Depths:4)
  3 curse toes
  Jory (Vaults:3)
  Gastronok (Orc)
  5 rockslimes
  A profane servitor (Abyss:5)
  Nikola (Snake:3)
  3 electric golems
  A Brimstone Fiend (Depths:1)
  An iron giant (Zot:3)
  27 Orb Guardians
  13 tentacled monstrosities
  4 liches
  An Ice Fiend (Depths:3)
  A deep elf master archer (Zig:2)
  The ghost of Artagas the Stickfighter, an adept HuWr of Cheibriados (Shoals:3)
  The ghost of SansUndertale the Fighter, an adept NaAc of Hepliaklqana (Snake:3)
  4 wendigos
  7 quicksilver dragons
  5 titans
  11 acid blobs
  8 death cobs
  5 krakens (Shoals:3)
  15 Executioners (Pan)
  3 sphinxes
  5 tentacled starspawn (Abyss:3)
  A thorn hunter (Forest:1)
  The ghost of thechecker02 the Blocker, an adept GnFi of Cheibriados (Shoals:2)
  8 storm dragons
  7 tengu reavers
  9 shadow dragons
  9 nagarajas (Snake:3)
  A greenwood witch (Forest:3)
  2 apis
  Ilsuiw (Shoals:3)
  8 fire giants
  16 draconian monks
  13 frost giants
  A daeva (Abyss:3)
  5 draconian knights
  3 balrugs
  12 azure jellies
  An iron dragon (Depths:4)
  7 ghost moths
  10 vault wardens
  2 cacodemons (Pan)
  Aizul (Shoals:1)
  A deep elf sorcerer (Depths:3)
  3 juggernaut zombies
  12 draconian annihilators
  5 orc warlords
  2 curse skulls (Pan)
  7 draconian shifters
  3 spectral caustic shrikes (Depths:1)
  9 ironheart preservers (Vaults:3)
  3 reapers
  3 elemental wellsprings
  3 juggernaut skeletons (Depths:4)
  An eye of devastation (Zot:2)
  An ophan (Abyss:3)
  3 draconian stormcallers
  18 stone giants
  10 draconian scorchers
  2 caustic shrike skeletons (Depths:4)
  9 spriggan defenders
  22 very ugly things
  A blood saint (D:1)
  A corrupter (Pan)
  13 black draconians
  19 green draconians
  16 dire elephants
  14 white draconians
  17 purple draconians
  2 eidola
  3 entropy weavers
  12 yellow draconians
  6 lorocyprocas (Pan)
  A minotaur (Lair:2)
  7 spark wasps
  16 red draconians
  2 blizzard demons (Abyss:5)
  15 fire dragons
  8 merfolk javelineers
  12 ettins
  6 deep elf death magi
  The ghost of kosoiffoigrumme1174 the Prestidigitator, a journeyman TrAc of Gozag (Lair:2)
  A crystal guardian (Vaults:3)
  7 merfolk impalers
  A green death (Pan)
  A quicksilver dragon skeleton (Pan)
  10 death oozes
  24 vault guards (Vaults:3)
  An ice dragon (shapeshifter) (Depths:5)
  2 rakshasas
  17 yaktaur captains
  18 ice dragons
  4 merfolk avatars
  8 shadow wraiths (Pan)
  Erica (D:9)
  Psyche (D:10)
  A juggernaut simulacrum (Depths:4)
  17 spriggan air magi
  7 naga warriors
  5 hydras
  An alligator snapping turtle (Shoals:3)
  11 great orbs of eyes
  3 catoblepae
  2 shambling mangroves (Forest:1)
  9 merfolk aquamancers
  18 anacondas
  Sonja (D:10)
  A death knight (Vaults:2)
  45 two-headed ogres
  7 sea snakes
  16 death yaks
  11 ogre magi
  6 satyrs
  6 ancient automatons
  7 dancing weapons
  12 spriggan berserkers
  5 deep troll shamans
  8 thrashing horrors
  A queen ant (shapeshifter) (Vaults:3)
  3 tengu warriors
  A vampire mage (Depths:1)
  7 shock serpents
  4 ironheart beastmasters
  15 deep troll earth magi
  27 deep trolls
  8 naga sharpshooters
  3 deep elf knights
  35 spriggans
  5 sun demons
  14 soul eaters
  A fire crab (D:11)
  14 centaur warriors
  2 salamander mystics
  15 hell knights
  3 spatial maelstroms (Abyss:3)
  2 iron trolls (Depths:2)
  5 shadow demons
  7 spriggan druids
  6 sixfirhies
  3 flayed ghosts
  2 golden dragon zombies
  6 glowing orange brains
  A gelid demonspawn (Pan)
  A deep elf archer (Vaults:2)
  A storm dragon skeleton (Pan)
  2 starcursed masses (Abyss:3)
  2 infernal demonspawn (Pan)
  A golden dragon skeleton (Depths:1)
  16 harpies
  4 wolf spider zombies
  8 naga ritualists
  6 wizards
  A harpy (shapeshifter) (Depths:2)
  14 ironheart convokers
  A tengu zombie (Depths:4)
  5 necromancers
  An orc knight (Orc)
  15 mana vipers
  6 phantasmal warriors
  An orb spider (shapeshifter) (Depths:5)
  An orb spider (Zig:7)
  3 wolf spiders
  5 oklob plants
  3 orc sorcerers
  21 ugly things
  9 manticores
  An anaconda skeleton (Pan)
  19 fauns
  5 deep elf magi
  A stone giant zombie (Depths:2)
  23 elephants
  10 salamanders
  7 shining eyes
  An iron dragon skeleton (Depths:4)
  2 spriggan zombies (Depths:4)
  2 fire giant skeletons (Pan)
  25 moths of wrath
  2 stone giant skeletons
  17 guardian serpents
  7 smoke demons
  8 merfolk sirens
  A torpor snail (shapeshifter) (Depths:2)
  3 frost giant skeletons
  24 black mambas
  14 vault sentinels
  3 titan simulacra (Depths:4)
  A guardian serpent (shapeshifter) (D:12)
  14 will-o'-wisps
  7 water nymphs
  18 naga magi
  A hellion (Pan)
  2 gargoyles
  2 dire elephant skeletons (Pan)
  17 large abominations
  An orange demon (Pan)
  11 cane toads
  2 torpor snails
  An efreet (Abyss:3)
  7 rime drakes
  28 yaktaurs
  11 demonic crawlers
  A spriggan skeleton (Depths:4)
  A spark wasp simulacrum (Depths:4)
  5 tengu conjurers
  2 tormentors
  8 komodo dragons
  An eye of draining (D:10)
  2 freezing wraiths (Vaults:3)
  Maurice (D:9)
  3 ancient zymes (Abyss:3)
  6 red devils
  A harpy zombie (D:11)
  2 hellwings
  15 merfolk
  4 polar bears
  3 meliai (D:12)
  A tengu simulacrum (Vaults:1)
  47 hornets
  Prince Ribbit (D:9)
  7 tyrant leeches
  9 trolls
  3 wind drakes
  A polar bear (shapeshifter) (Depths:3)
  A blink frog (shapeshifter) (D:11)
  3 snapping turtles
  A hippogriff (shapeshifter) (D:12)
  10 raiju
  170 slime creatures
  7 dream sheep (Lair:6)
  2 stone giant simulacra
  An ettin zombie (Depths:1)
  Grum (D:9)
  13 hippogriffs
  9 blink frogs
  A fire giant simulacrum (Depths:4)
  6 small abominations (Abyss:3)
  An ettin skeleton (Pan)
  2 ice dragon skeletons (Pan)
  A spriggan simulacrum (Depths:4)
  2 ynoxinuls
  A spriggan (shapeshifter) (Depths:2)
  62 water elementals
  2 vampires
  A tarantella (Zig:7)
  23 yaks
  3 wyverns
  3 basilisks (Lair:4)
  2 humans (shapeshifter)
  15 golden eyes
  3 vampire mosquitoes (D:12)
  4 chaos spawn
  A redback (Zig:7)
  4 wargs
  35 nagas
  3 neqoxecs
  3 acid dragons
  8 spatial vortices (Abyss:3)
  3 swamp worms (Lair:6)
  13 crocodiles
  5 water moccasins
  Duvessa (D:7)
  9 hell hounds (Depths:5)
  11 porcupines
  2 floating eyes
  A soldier ant (D:11)
  A porcupine (shapeshifter) (Vaults:3)
  3 sky beasts
  41 orc warriors
  3 ice beasts
  3 black bears
  2 phantoms
  6 necrophages (Lair:4)
  A snapping turtle skeleton (Pan)
  18 ogres
  25 wolves
  18 boggarts
  A manticore skeleton (Pan)
  A swamp dragon skeleton (Pan)
  2 kobold brigands
  12 bullfrogs
  A gnoll sergeant (D:12)
  A deep troll simulacrum (Vaults:1)
  3 glowing shapeshifter simulacra (Depths:4)
  15 centaurs
  Dowan (D:7)
  4 scorpions
  24 killer bees
  12 orc priests
  8 wights (D:11)
  A howler monkey (D:8)
  2 electric eels (Lair:6)
  A bullfrog zombie (D:6)
  3 crimson imps
  6 hounds
  10 jellies
  A jelly (shapeshifter) (Depths:1)
  An iron imp (Abyss:3)
  Crazy Yiuf (D:2)
  3 iguanas
  19 orc wizards
  3 hell rats (Forest:1)
  9 worker ants
  A howler monkey skeleton (D:5)
  5 gnolls (D:12)
  17 adders
  A centaur skeleton (Pan)
  2 shadow imps
  An ufetubus (Abyss:3)
  5 oozes
  2 adder skeletons
  6 worms
  A dart slug (D:5)
  4 leopard geckos
  101 orcs
  A ball python (D:1)
  3 giant cockroaches
  5 goblins
  8 hobgoblins
  19 jackals
  6 bats
  4 frilled lizards
  14 kobolds
  8 rats
  A spectral orc (D:5)
  5 bushes
  18 fire vortices
  6 fungi
  43 plants
  3 starspawn tentacles (Abyss:3)
  5 tentacles (Shoals:3)
2621 creatures vanquished.

Vanquished Creatures (collateral kills)
  A lich (Vaults:3)
  An ironheart preserver (Vaults:2)
  A moth of wrath (Zot:3)
  A yaktaur (Vaults:3)
  A hornet (Forest:1)
  A spriggan (Forest:1)
  An orc warrior (Orc)
  A deep troll simulacrum (Vaults:2)
  An orc (Orc)
9 creatures vanquished.

Vanquished Creatures (others)
  A frost giant (Depths:5)
  3 deep elf death magi (Depths:4)
  3 moths of wrath (Zot:5)
  A slime creature (Slime:1)
  A chaos spawn (Abyss:3)
  2 golden eyes (Abyss:3)
  2 orc wizards (Orc)
  8 orcs (Orc)
  2 bushes (Forest:3)
  150 fire vortices
  25 fungi
  200 plants
  11 starspawn tentacles (Abyss:3)
  11 tentacles (Shoals:3)
420 creatures vanquished.

Grand Total: 3050 creatures vanquished

Notes
Turn   | Place    | Note
-------+----------+-------------------------------------------
     0 | D:1      | Galewind the Avariel Fire Elementalist began the quest for
                  | the Orb.
     0 | D:1      | Reached XP level 1. HP: 10/10 MP: 6/6
   203 | D:1      | Reached XP level 2. HP: 15/15 MP: 5/8
   460 | D:1      | Reached XP level 3. HP: 19/19 MP: 4/9
  1084 | D:2      | Found an ancient bone altar of Kikubaaqudgha.
  1242 | D:2      | Found a shattered altar of Ashenzari.
  1243 | D:2      | Found a hazy altar of Hepliaklqana.
  1272 | D:2      | Found a sacrificial altar of Ru.
  1482 | D:2      | Reached XP level 4. HP: 24/24 MP: 6/11
  1487 | D:2      | Learned a level 4 spell: Sticky Flame
  1831 | D:2      | Found a runed door.
  2485 | D:3      | Reached XP level 5. HP: 28/28 MP: 11/13
  2975 | D:3      | Learned a level 5 spell: Fireball
  3103 | D:4      | Reached skill level 5 in Fire Magic
  3103 | D:4      | Reached XP level 6. HP: 27/32 MP: 2/15
  3196 | D:4      | Reached skill level 5 in Spellcasting
  3485 | D:4      | Noticed an ice beast
  3490 | D:4      | Killed an ice beast
  3491 | D:4      | Reached XP level 7. HP: 37/37 MP: 8/17
  4209 | D:5      | Entered Level 5 of the Dungeon
  4231 | D:5      | Found a shimmering altar of Xom.
  4232 | D:5      | Found a shimmering altar of Xom.
  4311 | D:5      | Reached skill level 5 in Conjurations
  4457 | D:5      | Noticed a hippogriff
  4466 | D:5      | Killed a hippogriff
  4632 | D:5      | Found a basalt altar of Yredelemnul.
  4670 | D:5      | Reached XP level 8. HP: 42/42 MP: 12/19
  4939 | D:5      | Found Naovuhuf's Gadget Boutique.
  5054 | D:5      | Noticed a hippogriff
  5070 | D:5      | Killed a hippogriff
  5501 | D:6      | Reached skill level 1 in Fighting
  5650 | D:6      | Found a staircase to the Ecumenical Temple.
  5657 | Temple   | Entered the Ecumenical Temple
  5740 | D:6      | Gained mutation: You can fly continuously. [Avariel growth]
  5740 | D:6      | Reached XP level 9. HP: 47/47 MP: 13/23
  5754 | D:6      | Found a shadowy altar of Dithmenos.
  5808 | D:6      | Noticed a troll
  5811 | D:6      | Killed a troll
  6013 | D:6      | Found a radiant altar of Vehumet.
  6122 | D:6      | Became a worshipper of Vehumet
  6287 | D:6      | Found Osuxeani's Weapon Shop.
  6335 | D:6      | Found a corrupted altar of Lugonu.
  6337 | D:6      | Found a snail-covered altar of Cheibriados.
  6337 | D:6      | Found an iron altar of Okawaru.
  6338 | D:6      | Found a sparkling altar of Nemelex Xobeh.
  6338 | D:6      | Found a hide-covered altar of Uskayaw.
  6590 | D:7      | Found Ynylig's Jewellery Shoppe.
  6592 | D:7      | Noticed Duvessa
  6595 | D:7      | Noticed Dowan
  6596 | D:7      | Killed Duvessa
  6604 | D:7      | Killed Dowan
  6705 | D:6      | HP: 2/47 [scorpion (8)]
  6876 | D:7      | Got a wavering silver amulet
  6877 | D:7      | Identified the amulet "Laefeis" {Inacc rElec} (You found it
                  | on level 7 of the Dungeon)
  7295 | D:7      | Bought the amulet "Durueq" {Regen rC+} for 552 gold pieces
  7429 | D:7      | Found a shimmering blue altar of Sif Muna.
  7531 | D:8      | Noticed a troll
  7535 | D:8      | Reached skill level 5 in Dodging
  7539 | D:7      | Reached * piety under Vehumet
  7539 | D:7      | Offered knowledge of Sting by Vehumet.
  7540 | D:7      | Reached skill level 10 in Spellcasting
  7616 | D:8      | Reached XP level 10. HP: 40/52 MP: 7/26
  7800 | D:8      | Found a staircase to the Lair.
  7856 | D:8      | Reached skill level 10 in Conjurations
  8314 | D:8      | Found a portal to a secret trove of treasure.
  8466 | Lair:1   | Entered Level 1 of the Lair of Beasts
  8500 | Lair:1   | Noticed a cane toad
  8503 | Lair:1   | Killed a cane toad
  8563 | Lair:1   | Offered knowledge of Searing Ray by Vehumet.
  8564 | Lair:1   | Reached skill level 10 in Fire Magic
  8604 | Lair:1   | Reached XP level 11. HP: 42/56 MP: 18/28
  8629 | Lair:1   | Reached ** piety under Vehumet
  9104 | Lair:2   | Found a runed translucent gate.
  9104 | Lair:2   | Found a runed translucent gate.
  9106 | Lair:2   | Found a runed translucent gate.
  9108 | Lair:2   | Noticed kosoiffoigrumme1174's ghost (journeyman TrAc)
  9109 | Lair:2   | Noticed a minotaur
  9215 | Lair:2   | Noticed a harpy
  9216 | Lair:2   | Noticed a harpy
  9236 | Lair:2   | Noticed a moth of wrath
  9237 | Lair:2   | Found a staircase to the Shoals.
  9240 | Lair:2   | Noticed a harpy
  9380 | Lair:2   | Offered knowledge of Iskenderun's Mystic Blast by Vehumet.
  9411 | Lair:2   | Found a staircase to the Snake Pit.
  9428 | Lair:2   | Learned a level 3 spell: Iskenderun's Mystic Blast
  9472 | Lair:2   | Found a runed door.
 10010 | Lair:3   | HP: 2/58 [black mamba (15)]
 10278 | Lair:3   | Reached XP level 12. HP: 66/66 MP: 22/30
 10382 | Lair:3   | Reached *** piety under Vehumet
 10628 | Lair:3   | Got a glittering wooden ring
 10659 | Lair:3   | Reached skill level 5 in Fighting
 10973 | Lair:3   | Identified the cursed ring of Pumidgh {Int+4 Dex-5 Stlth--}
                  | (You found it on level 3 of the Lair of Beasts)
 11307 | Lair:4   | Offered knowledge of Stone Arrow by Vehumet.
 12005 | Lair:4   | Reached **** piety under Vehumet
 12925 | Lair:5   | Reached XP level 13. HP: 78/78 MP: 14/31
 13102 | Lair:5   | Offered knowledge of Lightning Bolt by Vehumet.
 13845 | Lair:6   | Entered Level 6 of the Lair of Beasts
 13845 | Lair:6   | Found a staircase to the Spriggan Forest.
 13973 | Lair:6   | Noticed a dire elephant
 14423 | Lair:5   | Reached skill level 15 in Conjurations
 14792 | Lair:6   | Reached ***** piety under Vehumet
 14792 | Lair:6   | Offered knowledge of Bolt of Cold by Vehumet.
 14847 | Lair:6   | Killed a dire elephant
 14848 | Lair:6   | Reached XP level 14. HP: 56/84 MP: 2/34
 16151 | D:9      | Found a staircase to the Orcish Mines.
 16281 | D:9      | Noticed Prince Ribbit
 16281 | D:9      | Noticed Maurice
 16391 | D:9      | Killed Prince Ribbit
 16410 | D:9      | Killed Maurice
 16666 | D:9      | Noticed Grum
 16669 | D:9      | Killed Grum
 16789 | D:9      | Found a runed door.
 16877 | D:9      | Noticed Erica
 16884 | D:9      | Killed Erica
 16970 | D:9      | Reached skill level 10 in Dodging
 17025 | D:9      | Offered knowledge of Orb of Destruction by Vehumet.
 17034 | D:9      | Learned a level 7 spell: Orb of Destruction
 17377 | D:9      | Identified a scroll of acquirement
 17377 | D:9      | Identified the -3 buckler of Cowardice {+Blink rC- Str+3
                  | Dex+4} (You acquired it on level 9 of the Dungeon)
 17377 | D:9      | Identified the ring "Ivvamegg" {*Drain rElec Int+4} (You
                  | acquired it on level 9 of the Dungeon)
 17377 | D:9      | Identified the Guide on Contamination (You acquired it on
                  | level 9 of the Dungeon)
 17392 | D:10     | Entered Level 10 of the Dungeon
 17477 | Orc      | Entered the Orcish Mines
 17483 | Orc      | Noticed an orc warlord
 17490 | Orc      | Killed an orc warlord
 17601 | Orc      | Found a viscous altar of Jiyva.
 17601 | Orc      | Noticed Gastronok
 17602 | Orc      | Found a staircase to the Slime Pits.
 17607 | Orc      | Killed Gastronok
 17608 | Orc      | Found a viscous altar of Jiyva.
 17610 | Orc      | Found a roughly hewn altar of Beogh.
 17719 | Orc      | Found a roughly hewn altar of Beogh.
 17720 | Orc      | Found Tory's Magic Scroll Shoppe.
 17768 | Orc      | Found a roughly hewn altar of Beogh.
 17769 | Orc      | Found Alycle Lokk's Food Shop.
 17810 | Orc      | Noticed an orc warlord
 17819 | Orc      | Killed an orc warlord
 17820 | Orc      | Reached skill level 10 in Fighting
 17821 | Orc      | Reached skill level 1 in Staves
 17898 | Orc      | Found Funyf's Magic Scroll Shoppe.
 17900 | Orc      | Noticed an orc warlord
 17924 | Orc      | Killed an orc warlord
 18269 | Orc      | Reached XP level 15. HP: 92/92 MP: 6/35
 18393 | Orc      | Offered knowledge of Iskenderun's Battlesphere by Vehumet.
 18472 | Orc      | Bought a scroll of identify for 30 gold pieces
 18472 | Orc      | Bought a scroll of identify for 30 gold pieces
 18472 | Orc      | Bought a scroll of identify for 30 gold pieces
 18472 | Orc      | Bought a scroll of identify for 30 gold pieces
 18472 | Orc      | Bought a scroll of fog for 30 gold pieces
 18621 | Orc      | Bought a scroll of silence for 97 gold pieces
 18621 | Orc      | Bought a scroll of teleportation for 39 gold pieces
 18621 | Orc      | Bought a scroll of teleportation for 39 gold pieces
 18621 | Orc      | Bought a scroll of blinking for 97 gold pieces
 18621 | Orc      | Bought a scroll of teleportation for 39 gold pieces
 18621 | Orc      | Bought a scroll of identify for 26 gold pieces
 18621 | Orc      | Bought a scroll of identify for 26 gold pieces
 18795 | Orc      | Noticed an orc warlord
 18936 | Orc      | Found a roughly hewn altar of Beogh.
 19019 | Orc      | Found a roughly hewn altar of Beogh.
 19228 | Orc      | Killed an orc warlord
 19229 | Orc      | Found Zivupa's Antique Weapon Shoppe.
 19230 | Orc      | Found a roughly hewn altar of Beogh.
 19279 | Orc      | Found Temalyuth's Antique Armour Emporium.
 19303 | Orc      | Bought a pair of ancient boots for 294 gold pieces
 19308 | Orc      | Identified the +2 pair of boots of Sif Muna's Wrath {rF+
                  | rC++ Dex+4 Slay-2} (You bought it in a shop in the Orcish
                  | Mines)
 19349 | Orc      | Learned a level 5 spell: Iskenderun's Battlesphere
 19419 | Snake:1  | Entered Level 1 of the Snake Pit
 19429 | Snake:1  | Reached skill level 1 in Charms
 20281 | Snake:1  | Found a stormy altar of Qazlal.
 20289 | Snake:1  | Offered knowledge of Lee's Rapid Deconstruction by Vehumet.
 21071 | Snake:2  | Got a shimmering bone amulet
 21401 | Snake:2  | Reached skill level 5 in Charms
 21744 | Snake:2  | Reached skill level 15 in Spellcasting
 21936 | Snake:2  | Identified the cursed amulet "Xeukh" {Inacc rF+ MR+ Str-4}
                  | (You found it on level 2 of the Snake Pit)
 21939 | Snake:3  | Entered Level 3 of the Snake Pit
 22271 | Snake:3  | Reached XP level 16. HP: 88/97 MP: 22/37
 22425 | Snake:3  | Found a runed translucent gate.
 22429 | Snake:3  | Found a runed translucent gate.
 22430 | Snake:3  | Found a runed translucent gate.
 22430 | Snake:3  | Noticed SansUndertale's ghost (adept NaAc)
 22508 | Snake:3  | Noticed a nagaraja
 22511 | Snake:3  | Killed a nagaraja
 22512 | Snake:3  | Reached skill level 15 in Fire Magic
 22784 | Snake:3  | Noticed a nagaraja
 22786 | Snake:3  | Noticed a nagaraja
 22933 | Snake:3  | Noticed Nikola
 22943 | Snake:3  | Killed Nikola
 22946 | Snake:3  | Noticed a nagaraja
 22971 | Snake:3  | Killed a nagaraja
 23054 | Snake:3  | Noticed a nagaraja
 23058 | Snake:3  | Killed a nagaraja
 23252 | Snake:3  | Reached ****** piety under Vehumet
 23444 | Snake:3  | Offered knowledge of Conjure Ball Lightning by Vehumet.
 23641 | Snake:3  | Killed a nagaraja
 23691 | Snake:3  | Noticed a nagaraja
 23702 | Snake:3  | Killed a nagaraja
 23937 | Snake:3  | Killed a nagaraja
 23983 | Snake:3  | Noticed a nagaraja
 23985 | Snake:3  | Killed a nagaraja
 23986 | Snake:3  | Reached XP level 17. HP: 103/103 MP: 16/39
 24159 | Snake:3  | Got a serpentine rune of Zot
 24350 | Forest:1 | Entered Level 1 of the Spriggan Forest
 25090 | Forest:1 | Offered knowledge of Icicle Burst by Vehumet.
 25135 | Forest:1 | Reached skill level 15 in Dodging
 25861 | Forest:1 | Learned a level 7 spell: Icicle Burst
 25933 | Forest:1 | Reached skill level 1 in Ice Magic
 27212 | Forest:3 | Entered Level 3 of the Spriggan Forest
 27302 | Forest:2 | Noticed a wendigo
 27305 | Forest:2 | Killed a wendigo
 27377 | Forest:2 | Reached skill level 5 in Ice Magic
 28128 | Forest:2 | Reached XP level 18. HP: 112/112 MP: 5/40
 29869 | Forest:3 | Offered knowledge of Iron Shot by Vehumet.
 31283 | Forest:3 | Identified the cursed +0 robe of Pimiaferurr {+Inv MP-9
                  | Slay+2}
 31469 | Forest:3 | Reached XP level 19. HP: 69/117 MP: 18/42
 31814 | Forest:3 | Learned a level 6 spell: Deflect Missiles
 32393 | Forest:3 | Reached skill level 1 in Air Magic
 32536 | Forest:2 | Offered knowledge of Fire Storm by Vehumet.
 32536 | Forest:2 | Offered knowledge of Chain Lightning by Vehumet.
 32536 | Forest:2 | Offered knowledge of Ignition by Vehumet.
 32546 | Forest:2 | Learned a level 8 spell: Ignition
 32557 | Forest:2 | Learned a level 9 spell: Fire Storm
 32831 | Shoals:1 | Entered Level 1 of the Shoals
 33222 | Shoals:1 | Reached skill level 5 in Air Magic
 33554 | Lair:2   | Killed kosoiffoigrumme1174's ghost
 33581 | Lair:2   | Identified the +10 double sword of Roudghula {antimagic,
                  | +Blink} (You acquired it on level 2 of the Lair of Beasts)
 33581 | Lair:2   | Identified the ring "Xulim" {Int+3 Dex+5 SInv} (You
                  | acquired it on level 2 of the Lair of Beasts)
 33939 | Shoals:1 | Noticed Aizul
 33942 | Shoals:1 | Killed Aizul
 34328 | Shoals:2 | Found a runed translucent gate.
 34328 | Shoals:2 | Found a runed translucent gate.
 34328 | Shoals:2 | Found a runed translucent gate.
 34328 | Shoals:2 | Noticed thechecker02's ghost (adept GnFi)
 34608 | Shoals:2 | Found Dirola's Antique Weapon Shoppe.
 35074 | Shoals:3 | Entered Level 3 of the Shoals
 35074 | Shoals:3 | Found a large runed translucent door.
 35074 | Shoals:3 | Found a large runed translucent door.
 35074 | Shoals:3 | Noticed Artagas's ghost (adept HuWr)
 35349 | Shoals:3 | Identified the +0 buckler of the Devil's Advocate {-Tele
                  | Dex+2 Stlth+} (You acquired it on level 3 of the Shoals)
 35614 | Shoals:3 | Noticed Ilsuiw
 35618 | Shoals:3 | Killed Ilsuiw
 35782 | Shoals:3 | Reached XP level 20. HP: 88/123 MP: 4/44
 35997 | Shoals:3 | Got a barnacled rune of Zot
 36580 | Shoals:3 | Killed Artagas's ghost
 36633 | Shoals:2 | Killed thechecker02's ghost
 36643 | Shoals:2 | Identified the +7 eveningstar of Red Wine {drain, *Slow
                  | Str+2 Dex+4}
 36813 | Snake:3  | Killed SansUndertale's ghost
 37055 | D:2      | Noticed Crazy Yiuf
 37056 | D:2      | Killed Crazy Yiuf
 37522 | D:11     | Found a stormy altar of Qazlal.
 38356 | D:10     | Noticed Sonja
 38359 | D:10     | Killed Sonja
 38436 | D:10     | Noticed Psyche
 38439 | D:10     | Killed Psyche
 39274 | D:12     | Entered Level 12 of the Dungeon
 39585 | D:12     | Identified the +8 buckler of Happiness {rElec rF+ Regen+}
 39728 | D:12     | Found a staircase to the Depths.
 40167 | D:12     | Found a gate to the Vaults.
 40342 | D:12     | Found a blossoming altar of Fedhas.
 40455 | Depths:1 | Entered Level 1 of the Depths
 40703 | Depths:1 | Found Fuosi's Pet Rocks.
 40804 | Depths:1 | Found Lotaicif's Antique Weapon Boutique.
 40878 | Depths:1 | Identified the +11 broad axe of Corporal Punishment
                  | {freeze, +Fly Dex+4}
 40979 | Depths:1 | Noticed Bai Suzhen
 40985 | Depths:1 | Killed Bai Suzhen
 41040 | Depths:1 | Reached skill level 1 in Axes
 41041 | Depths:1 | Reached skill level 1 in Shields
 41429 | D:8      | You paid a toll of +4 storm dragon scales to enter a
                  | treasure trove
 41430 | Trove    | Entered a treasure trove
 41460 | Trove    | Identified the ring "Qixeshru" {rElec rC+ Int+3}
 41464 | Trove    | Identified the ring "Uthoyts" {+Inv rPois rN+ Str+4 Stlth-}
 41474 | Trove    | Identified the cursed amulet "Zebbinguesk" {Inacc *Drain
                  | rElec rF+ rC++}
 41483 | Trove    | Identified the ring "Zen Luca" {MR+ rCorr MP+9 Int-3}
 41485 | Trove    | Identified the ring of Darkness {+Fly Str+2}
 41491 | Trove    | Identified the ring "Cyhec" {rF+ Int+3 Dex+3}
 41497 | Trove    | Identified the ring "Loxoot" {rC+ Str+4 Dex+3}
 41585 | Slime:1  | Entered Level 1 of the Pits of Slime
 41770 | Slime:1  | Reached XP level 21. HP: 128/128 MP: 46/46
 41899 | Slime:1  | Reached skill level 5 in Shields
 42446 | Slime:2  | Noticed Dissolution
 42457 | Slime:2  | Killed Dissolution
 45802 | Slime:4  | Gained mutation: You are resistant to electric shocks.
                  | (rElec) [potion of mutation]
 45802 | Slime:4  | Gained mutation: You are clumsy. (Dex -2) [potion of
                  | mutation]
 45802 | Slime:4  | Gained mutation: You expend magic power (3 MP) to
                  | strengthen your wands. [potion of mutation]
 45803 | Slime:4  | Lost mutation: You are clumsy. (Dex -2) [potion of
                  | mutation]
 45803 | Slime:4  | Lost mutation: You expend magic power (3 MP) to strengthen
                  | your wands. [potion of mutation]
 45803 | Slime:4  | Lost mutation: You are resistant to electric shocks.
                  | (rElec) [potion of mutation]
 45803 | Slime:4  | Gained mutation: Your magical capacity is low. (-10% MP)
                  | [potion of mutation]
 45803 | Slime:4  | Lost mutation: Your magical capacity is low. (-10% MP)
                  | [potion of mutation]
 45804 | Slime:4  | Gained mutation: You are partially covered in molten
                  | scales. (AC +2) [potion of mutation]
 45804 | Slime:4  | Gained mutation: Your magical capacity is low. (-10% MP)
                  | [potion of mutation]
 45804 | Slime:4  | Gained mutation: You are resistant to hostile enchantments.
                  | (MR+) [potion of mutation]
 45804 | Slime:4  | Gained mutation: You have a beak for a mouth. [potion of
                  | mutation]
 45805 | Slime:4  | Lost mutation: You are resistant to hostile enchantments.
                  | (MR+) [potion of mutation]
 45805 | Slime:4  | Lost mutation: Your magical capacity is low. (-10% MP)
                  | [potion of mutation]
 45805 | Slime:4  | Lost mutation: You are partially covered in molten scales.
                  | (AC +2) [potion of mutation]
 45805 | Slime:4  | Gained mutation: You are resistant to hostile enchantments.
                  | (MR+) [potion of mutation]
 45816 | Slime:5  | Entered Level 5 of the Pits of Slime
 46013 | Slime:5  | Noticed the Royal Jelly
 46019 | Slime:5  | Killed the Royal Jelly
 46080 | Slime:5  | Found the +10 Vampire's Tooth {vamp}
 46154 | Slime:5  | Identified Mohec's Compendium of the Mountains and Flames
 46198 | Slime:5  | Identified Kofot's Papyrus of the Glacial Escort
 46200 | Slime:5  | Identified the Papyrus of Assistive Calling
 46225 | Slime:5  | Identified the +6 fustibalus of Acijotte {elec, Str+4} (You
                  | found it on level 5 of the Pits of Slime)
 46230 | Slime:5  | Identified the +2 barding "Isus" {rElec rC- rN+ MR+++}
 46231 | Slime:5  | Identified the +7 lajatang of Sufficient Conscience {holy,
                  | *Drain rN+ Str+4 SInv}
 46263 | Slime:5  | Got a slimy rune of Zot
 46265 | Slime:5  | Identified the +6 battleaxe "Impslayer" {elec, rElec rPois
                  | rF+}
 46273 | Slime:5  | Identified the +1 pair of gloves of Rudameiwk {MR+ Dex+6}
 46866 | Vaults:1 | Entered Level 1 of the Vaults
 46989 | Vaults:1 | Found an ancient bone altar of Kikubaaqudgha.
 47000 | Vaults:1 | Reached XP level 22. HP: 133/133 MP: 35/48
 47325 | Vaults:1 | Found Ramiulum's Distillery.
 47333 | Vaults:1 | Bought 2 potions of mutation for 320 gold pieces
 47333 | Vaults:1 | Bought a potion of mutation for 160 gold pieces
 47333 | Vaults:1 | Bought a potion of mutation for 160 gold pieces
 47333 | Vaults:1 | Bought a potion of cancellation for 100 gold pieces
 47333 | Vaults:1 | Bought a potion of haste for 200 gold pieces
 47333 | Vaults:1 | Bought a potion of haste for 200 gold pieces
 47333 | Vaults:1 | Bought a potion of resistance for 200 gold pieces
 47333 | Vaults:1 | Bought a potion of agility for 80 gold pieces
 47333 | Vaults:1 | Bought a potion of agility for 80 gold pieces
 47635 | Vaults:1 | Identified the cursed +2 quarterstaff "Cubriec" {venom,
                  | Str+4} (You took it off a yaktaur on level 1 of the Vaults)
 49670 | Vaults:2 | Found a staircase to the Crypt.
 49964 | Vaults:2 | Reached XP level 23. HP: 109/138 MP: 31/50
 50109 | Vaults:3 | Entered Level 3 of the Vaults
 50109 | Vaults:3 | Identified the ring "Puseb" {rCorr Slay+3}
 50209 | Vaults:3 | Identified the ring of Yvvi {Fire SInv}
 50230 | Vaults:3 | Identified the Handbook of Ashen Beguiling
 50244 | Vaults:3 | Learned a level 7 spell: Controlled Blink
 50245 | Vaults:3 | Got a silver rune of Zot
 50264 | Vaults:3 | Reached skill level 1 in Translocations
 50412 | Vaults:3 | Reached skill level 5 in Translocations
 50543 | Vaults:3 | Noticed a juggernaut
 50553 | Vaults:3 | Killed a juggernaut
 50645 | Vaults:3 | Noticed Jory
 50649 | Vaults:3 | Killed Jory
 50650 | Vaults:3 | Reached skill level 10 in Translocations
 50681 | Vaults:3 | Reached XP level 24. HP: 143/143 MP: 27/51
 50987 | Vaults:3 | Identified the ring "Cycy" {Slay+2 Stlth++}
 51055 | Vaults:3 | Identified the +7 plate armour "Tacoucw" {rCorr}
 51055 | Vaults:3 | Identified the ring of Viady {Ice Str-4 Int+5}
 51057 | Vaults:3 | Noticed a golden dragon
 51066 | Vaults:3 | Killed a golden dragon
 51264 | Vaults:3 | Identified the +2 dagger "Osiujako" {holy, rPois}
 52382 | Depths:1 | Reached skill level 1 in Long Blades
 52410 | Depths:1 | Reached skill level 5 in Long Blades
 52538 | Depths:1 | Found a gateway to Hell.
 52691 | Depths:1 | Noticed Mara
 52696 | Depths:1 | Noticed Galewind's illusion
 52698 | Depths:1 | Killed Mara
 52945 | Depths:2 | Reached skill level 10 in Long Blades
 52955 | Depths:2 | Reached XP level 25. HP: 148/148 MP: 24/51
 53230 | Depths:2 | Found Liugeg's Book Boutique.
 53242 | Depths:2 | Bought a book of Fire for 910 gold pieces
 53242 | Depths:2 | Bought a book of Transfigurations for 770 gold pieces
 53249 | Depths:2 | Learned a level 6 spell: Bolt of Fire
 53259 | Depths:2 | Learned a level 8 spell: Necromutation
 53259 | Depths:2 | Found Vyniyt's General Store.
 53267 | Depths:2 | Bought a scroll of fear for 100 gold pieces
 53392 | Depths:2 | Found Gozag's Antique Weapon Boutique.
 53397 | Depths:2 | Found an opulent altar of Gozag.
 53399 | Depths:2 | Noticed a golden dragon
 53400 | Depths:2 | Found Gozag's Antique Weapon Shop.
 53403 | Depths:2 | Found Ocovel's Magic Scroll Shoppe.
 53412 | Depths:2 | Bought 2 scrolls of teleportation for 126 gold pieces
 53412 | Depths:2 | Bought a scroll of teleportation for 63 gold pieces
 53412 | Depths:2 | Bought a scroll of teleportation for 63 gold pieces
 53412 | Depths:2 | Bought a scroll of fog for 42 gold pieces
 53502 | Depths:2 | Found Gozag's Antique Weapon Shop.
 53505 | Depths:2 | Found Irishrad's Distillery.
 53623 | Depths:2 | Reached skill level 1 in Necromancy
 53623 | Depths:2 | Reached skill level 1 in Transmutations
 53651 | Depths:2 | Found Lauchip's Distillery.
 53654 | Depths:2 | Bought 2 potions of haste for 280 gold pieces
 53654 | Depths:2 | Bought a potion of haste for 140 gold pieces
 53654 | Depths:2 | Bought a potion of curing for 35 gold pieces
 53654 | Depths:2 | Bought a potion of curing for 35 gold pieces
 53676 | Depths:2 | Identified the +4 hat of Zipidaow {rElec Dex+2}
 53701 | Depths:2 | Found a radiant altar of Vehumet.
 53729 | Depths:2 | Identified the cursed +1 robe "Nizetua" {+Inv rC- rN++
                  | rCorr}
 53739 | Depths:2 | Identified the +1 hat of Indecent Exposure {MR+}
 53768 | Depths:2 | Killed a golden dragon
 54133 | Depths:3 | Found a one-way gate leading to the halls of Pandemonium.
 54327 | Depths:3 | Reached skill level 5 in Necromancy
 54859 | Depths:3 | Reached skill level 5 in Transmutations
 55118 | Depths:3 | Found Caidor's Gadget Shoppe.
 55119 | Depths:3 | Found Yghufoef's Jewellery Shop.
 55121 | Depths:3 | Found Urirecoy's Gadget Shoppe.
 55223 | Depths:4 | Found a gateway to a ziggurat.
 55575 | Depths:4 | Found a one-way gate to the infinite horrors of the Abyss.
 55724 | Depths:4 | Reached XP level 26. HP: 153/153 MP: 25/51
 55925 | Depths:4 | Found an ancient bone altar of Kikubaaqudgha.
 55981 | Depths:4 | Reached skill level 10 in Necromancy
 56767 | Zig:1    | Entered Level 1 of a ziggurat
 56788 | Zig:2    | Entered Level 2 of a ziggurat
 56801 | Zig:2    | Identified the +8 rapier "Qiunalamp" {vamp, rC+ rN+ Stlth+}
 56811 | Zig:3    | Entered Level 3 of a ziggurat
 56844 | Zig:4    | Entered Level 4 of a ziggurat
 56959 | Zig:4    | Identified the cursed +0 leather armour of the Apprentice
                  | {*Corrode +Inv rN+++ Int+3}
 56962 | Zig:5    | Entered Level 5 of a ziggurat
 56981 | Zig:5    | Identified the cursed +0 plate armour of the Fiend {MR-
                  | Str+8 Dex-5 SInv}
 56991 | Zig:6    | Entered Level 6 of a ziggurat
 57009 | Zig:6    | Identified the ring of Dogakhat {+Fly rPois rN+ MR-}
 57015 | Zig:6    | Identified the Volume of Intoxication and Curses
 57022 | Zig:7    | Entered Level 7 of a ziggurat
 57163 | Depths:3 | Identified the +9 short sword of a Million Realms {flame,
                  | rC+ Dex+5}
 57211 | Pan      | Entered Pandemonium
 57216 | Pan      | Reached skill level 10 in Transmutations
 57567 | Pan      | Noticed Acomn the pandemonium lord
 57571 | Pan      | Killed Acomn the pandemonium lord
 57675 | Pan      | Noticed Kicumy the pandemonium lord
 57680 | Pan      | Killed Kicumy the pandemonium lord
 57693 | Pan      | Entered the realm of Gloorx Vloq.
 59034 | Pan      | Reached XP level 27. HP: 164/164 MP: 46/51
 59035 | Pan      | Reached skill level 15 in Fighting
 59136 | Pan      | Noticed Gloorx Vloq
 59140 | Pan      | Killed Gloorx Vloq
 59206 | Pan      | Got a dark rune of Zot
 59295 | Abyss:1  | Escaped into the Abyss
 59295 | Abyss:1  | Found a corrupted altar of Lugonu.
 59739 | Abyss:3  | Found a shimmering altar of Xom.
 59739 | Abyss:3  | Found a shimmering altar of Xom.
 59740 | Abyss:3  | Found a shimmering altar of Xom.
 59740 | Abyss:3  | Found a shimmering altar of Xom.
 59743 | Abyss:3  | Found a shimmering altar of Xom.
 59743 | Abyss:3  | Found a shimmering altar of Xom.
 59743 | Abyss:3  | Found a corrupted altar of Lugonu.
 59743 | Abyss:3  | Found a shimmering altar of Xom.
 59744 | Abyss:3  | Found a shimmering altar of Xom.
 59744 | Abyss:3  | Found a shimmering altar of Xom.
 59744 | Abyss:3  | Found a shimmering altar of Xom.
 59744 | Abyss:3  | Found a shimmering altar of Xom.
 59744 | Abyss:3  | Found a shimmering altar of Xom.
 59745 | Abyss:3  | Found a shimmering altar of Xom.
 59745 | Abyss:3  | Found a shimmering altar of Xom.
 59745 | Abyss:3  | Found a shimmering altar of Xom.
 59746 | Abyss:3  | Found a shimmering altar of Xom.
 60453 | Abyss:5  | Entered Level 5 of the Abyss
 60453 | Abyss:5  | Entered Level 5 of the Abyss
 60495 | Abyss:5  | Got an abyssal rune of Zot
 60500 | Depths:3 | Escaped the Abyss
 60599 | Depths:5 | Entered Level 5 of the Depths
 60603 | Depths:5 | Noticed a golden dragon
 60606 | Depths:5 | Noticed a juggernaut
 60650 | Depths:5 | Killed a juggernaut
 60653 | Depths:5 | Killed a golden dragon
 60748 | Depths:5 | Identified the cursed ring of the Original Sin {Str+3
                  | Stlth--}
 61317 | Depths:5 | Noticed a golden dragon
 61321 | Depths:5 | Killed a golden dragon
 61696 | Depths:5 | Found a gate to the Realm of Zot.
 62131 | Zot:1    | Entered Level 1 of the Realm of Zot
 62132 | Zot:1    | Found a transporter.
 62161 | Zot:1    | Noticed a golden dragon
 62189 | Depths:5 | Killed a golden dragon
 62433 | Zot:1    | Found a transporter.
 62439 | Zot:1    | Noticed a golden dragon
 62439 | Zot:1    | Noticed Juzit's ghost (legendary GnFi)
 63911 | Zot:2    | Reached skill level 15 in Necromancy
 64659 | Zot:3    | Reached skill level 15 in Transmutations
 65831 | Zot:3    | Noticed an ancient lich
 65836 | Zot:3    | Killed an ancient lich
 65894 | Zot:3    | Found a stormy altar of Qazlal.
 65913 | Zot:3    | Identified a +0 pair of boots of running
 66081 | Zot:3    | Identified the +0 chain mail of Dishonesty {*Corrode Int+5
                  | Dex+5}
 66738 | Zot:4    | Noticed an orb of fire
 66746 | Zot:4    | Killed an orb of fire
 67182 | Zot:4    | Noticed a golden dragon
 67187 | Zot:4    | Killed a golden dragon
 67634 | Zot:5    | Entered Level 5 of the Realm of Zot
 67644 | Zot:5    | Noticed a golden dragon
 67649 | Zot:5    | Killed a golden dragon
 68093 | Zot:5    | Noticed a golden dragon
 68098 | Zot:5    | Killed a golden dragon
 68129 | Zot:5    | Noticed an orb of fire
 68134 | Zot:5    | Noticed a Killer Klown
 68135 | Zot:5    | Killed an orb of fire
 68138 | Zot:5    | Killed a Killer Klown
 68249 | Zot:5    | Noticed an orb of fire
 68256 | Zot:4    | Noticed a golden dragon
 68270 | Zot:4    | Killed a golden dragon
 68353 | Zot:5    | Noticed an orb of fire
 68354 | Zot:5    | Killed an orb of fire
 68355 | Zot:5    | Reached skill level 10 in Ice Magic
 68432 | Zot:5    | Killed an orb of fire
 68482 | Zot:5    | Noticed an ancient lich
 68514 | Zot:5    | Noticed an orb of fire
 68592 | Zot:5    | Killed an orb of fire
 68593 | Zot:5    | Noticed an orb of fire
 68595 | Zot:5    | Killed an ancient lich
 68599 | Zot:5    | Killed an orb of fire
 68715 | Zot:5    | Noticed an ancient lich
 68719 | Zot:5    | Killed an ancient lich
 68799 | Zot:5    | Noticed an ancient lich
 68802 | Zot:5    | Killed an ancient lich
 68837 | Zot:5    | Noticed an ancient lich
 68840 | Zot:5    | Killed an ancient lich
 69014 | Zot:5    | Reached skill level 15 in Ice Magic
 69104 | Zot:5    | Noticed an ancient lich
 69108 | Zot:5    | Killed an ancient lich
 69132 | Zot:5    | Noticed an ancient lich
 69138 | Zot:5    | Killed an ancient lich
 69251 | Zot:5    | Noticed an ancient lich
 69251 | Zot:5    | Noticed an ancient lich
 69256 | Zot:5    | Killed an ancient lich
 69257 | Zot:5    | Killed an ancient lich
 69279 | Zot:5    | Noticed a Killer Klown
 69283 | Zot:5    | Killed a Killer Klown
 69449 | Zot:5    | Noticed a Killer Klown
 69453 | Zot:5    | Killed a Killer Klown
 69673 | Zot:5    | Got the Orb of Zot
 69813 | Depths:5 | Noticed Qoil the pandemonium lord
 69824 | Depths:5 | Killed Qoil the pandemonium lord
 70294 | D:$      | Escaped with the Orb!

Skill      XL: |  1  2  3  4  5  6  7  8  9 10 11 12 13 14 15 16 17 18 19 20 21 22 23 24 25 26 27 |
---------------+----------------------------------------------------------------------------------+-----
Spellcasting   | 3 4 5 6 8 10 11 12 14 15 16 17 18 19 20 21 22 | 22.0
Fire Magic     | 4 5 6 7 8 10 11 13 14 16 17 19 20 21 | 21.4
Conjurations   | 2 3 4 5 7 9 11 13 15 16 17 18 19 20 22 | 22.0
Dodging        | 3 4 5 7 8 11 12 13 15 20 | 20.0
Fighting       | 1 3 8 10 12 14 19 | 19.0
Staves         | 2 3 |  3.5
Charms         | 6 7 8 |  8.0
Ice Magic      | 6 9 17 | 17.9
Air Magic      | 8 |  8.0
Axes           | 2 |  2.5
Shields        | 4 7 |  7.0
Translocations | 10 14 | 14.0
Long Blades    | 11 14 | 14.4
Necromancy     | 9 12 16 | 16.0
Transmutations | 7 12 16 | 16.0
Stealth        | |  2.1

Action                   |  1- 3 |  4- 6 |  7- 9 | 10-12 | 13-15 | 16-18 | 19-21 | 22-24 | 25-27 || total
-------------------------+-------+-------+-------+-------+-------+-------+-------+-------+-------++-------
Melee: Unarmed           |     3 |       |       |       |       |       |       |       |       ||     3
       Whip              |     3 |    11 |    15 |    31 |     9 |       |       |       |       ||    69
       Staff             |       |       |       |       |    67 |    10 |     9 |     1 |    60 ||   147
       Peck              |       |       |       |       |       |       |       |       |    20 ||    20
 Cast: Flame Tongue      |    59 |    90 |    74 |     5 |    32 |    12 |       |       |       ||   272
       Sticky Flame      |       |     5 |    27 |    45 |    79 |    63 |     4 |       |       ||   223
       Fireball          |       |     1 |    34 |   165 |   363 |   358 |   512 |   296 |   314 ||  2043
       Iskenderun's Myst |       |       |       |       |    32 |    36 |     8 |       |     7 ||    83
       Iskenderun's Batt |       |       |       |       |     8 |    23 |     1 |     1 |     1 ||    34
       Icicle Burst      |       |       |       |       |       |    18 |    35 |    34 |   528 ||   615
       Ignition          |       |       |       |       |       |       |    61 |    64 |    72 ||   197
       Deflect Missiles  |       |       |       |       |       |       |     1 |       |       ||     1
       Fire Storm        |       |       |       |       |       |       |     3 |    18 |    88 ||   109
       Bolt of Fire      |       |       |       |       |       |       |       |       |    24 ||    24
       Controlled Blink  |       |       |       |       |       |       |       |       |     4 ||     4
       Necromutation     |       |       |       |       |       |       |       |       |     1 ||     1
Evoke: Wand              |       |       |     2 |     6 |    35 |     7 |     1 |     1 |    22 ||    74
       Phial of floods   |       |       |       |       |     1 |     1 |       |       |       ||     2
       Sack of spiders   |       |       |       |       |       |     1 |       |       |       ||     1
  Use: Scroll            |       |     3 |     6 |     5 |    23 |     9 |     3 |       |    12 ||    61
       Potion            |       |     4 |     1 |     1 |     2 |     1 |     4 |       |     3 ||    16
 Stab: Sleeping          |     1 |       |       |       |       |       |       |       |       ||     1
       Paralysed         |       |       |       |       |    12 |       |     1 |       |       ||    13
  Eat: Chunk             |     3 |     9 |    14 |    30 |    32 |    15 |    35 |    13 |    18 ||   169
       Ration            |       |       |     3 |     1 |     3 |     7 |     7 |     5 |     6 ||    32
Armor: Robe              |     5 |     8 |    13 |     2 |       |       |       |     1 |    42 ||    71
       Leather armour    |       |       |       |    20 |    58 |    37 |     2 |       |       ||   117
       Troll leather arm |       |       |       |       |       |       |     6 |       |       ||     6
Dodge: Dodged            |    24 |    51 |    57 |   114 |   330 |   219 |   110 |    75 |   375 ||  1355
       Deflected         |       |       |     1 |       |    13 |    11 |    33 |    14 |    17 ||    89
Block: Buckler           |       |       |       |       |       |       |    14 |    58 |   318 ||   390
